cohdb
Replays
Latest Replays
All Replays
Popular Replays
Top Player Replays
Match Explorer
How It Works
Community
CoH3 Stats
Reddit
Sign in to upload your games and track your stats! →
Sign in with Steam
Match 42722758
Unlisted
Match 42722758
Overview
Messages
Build Orders
End
Kradschützen Motorcycle Team
Selects Italian Infantry
Panzerpioneer Squad
250 Light Carrier
Construct Light Support Kompanie
Assault Grenadier Squad
Fire Support Elements
Assault Grenadier Squad
Selects Guastatori Squad
2.5-tonne Medical Truck
Flakvierling Half-track
Selects Registered Artillery
Construct Mechanized Kompanie
Marder III Tank Destroyer
18-tonne Recovery Half-track
Registered Artillery
Selects Towed Cannone da 105/28 Field Howitzer
Registered Artillery
254 Reconnaissance Tractor
Selects Defensive Operations
Panzerpioneer Squad
Guastatori Squad
BigTiddyLebron
kreumat
BarelyPlaying
Darbesky
0
0
Comments
sign in to comment!
No comments posted yet!